 Dungeon Crawl Stone Soup version 0.28.0-53-g5a82cb258f (webtiles) character file.

Game seed: 14432126720180959442

336100 Sin92 the Severer (level 20, 0/156 (168) HPs)
             Began as a Demonspawn Fighter on June 13, 2022.
             Was the Champion of Okawaru.
             Killed from afar by a tengu reaver (15 damage)
             ... with a bolt of negative energy
             ... on level 5 of the Vaults on June 14, 2022.
             The game lasted 01:53:15 (51364 turns).

Sin92 the Severer (Demonspawn Fighter)             Turns: 51364, Time: 01:53:15

HP:   0/156 (168)   AC: 34    Str: 20    XL:     20   Next: 98%
MP:   30/30         EV: 10    Int: 11    God:    Okawaru [******]
Gold: 2463          SH: 12    Dex: 26    Spells: 19/19 levels left

rFire   + . .      SeeInvis .   k - +9 war axe of the Shore {elec, Str-3 Dex+5}
rCold   + + .      Faith    .   S - +2 buckler {reflect}
rNeg    . . .      Spirit   .   r - +7 crystal plate armour of Gido {rElec Dex+4}
rPois   +          Reflect  +   (helmet unavailable)
rElec   +          Harm     .   (cloak unavailable)
rCorr   +          Rampage  ∞   P - +2 pair of gloves {Dex+3}
Will    ++...                   O - +3 pair of seven-league boots {Rampage+∞}
Stlth   ..........              (no amulet)
HPRegen 0.36/turn               Q - ring of the Sun {rPois rC+ Will+}
MPRegen 0.22/turn               y - +4 ring of slaying

@: resistant, hasted, drained, unable to read, very quick
A: hooves 1, horns 3, (demonic guardian 2), ignite blood 3, weakness stinger 3,
deformed body, inability to read while threatened
}: 2/15 runes: decaying, serpentine
a: Renounce Religion, Heroism, Finesse, Duel


You were on level 5 of the Vaults.
You worshipped Okawaru.
Okawaru was exalted by your worship.
You visited 8 branches of the dungeon, and saw 38 of its levels.
You visited the Abyss 1 time.
You also visited: Gauntlet and Ice Cave.

You collected 5510 gold pieces.
You spent 3047 gold pieces at shops.

Inventory:

Hand Weapons
 d - a +2 broad axe of electrocution
 k - the +9 war axe of the Shore (weapon) {elec, Str-3 Dex+5}
   (You found it on level 2 of the Dungeon)

   It occasionally discharges a powerful burst of electricity upon striking a
   foe.
   Str:       It affects your strength (-3).
   Dex:       It affects your dexterity (+5).
Missiles
 i - 5 throwing nets (quivered)
 K - 11 silver javelins
Armour
 p - a +0 buckler of poison resistance
 r - the +7 crystal plate armour of Gido (worn) {rElec Dex+4}
   (You acquired it on level 5 of the Dungeon)

   Dex:       It affects your dexterity (+4).
   rElec:     It insulates you from electricity.
 x - the +4 scale mail of Focus {rF++ Will+}
   (You bought it in a shop on level 2 of the Vaults)

   rF:        It greatly protects you from fire.
   Will:      It increases your willpower.
 L - a +2 pair of boots of flying
 O - the +3 pair of seven-league boots (worn) {Rampage+∞}
   (You acquired it on level 3 of the Swamp)

   Its wearer moves as far as possible in that direction when moving towards
   enemies.
 P - a +2 pair of gloves of dexterity (worn)
 S - a +2 buckler of reflection (worn)
 T - a +1 tower shield of protection
Jewellery
 y - a +4 ring of slaying (right hand)
 F - an amulet of reflection
 H - an amulet of regeneration
 N - a ring of resist corrosion
 Q - the ring of the Sun (left hand) {rPois rC+ Will+}
   (You found it in a Gauntlet)

   [ring of protection from cold]

   rC:        It protects you from cold.
   rPois:     It protects you from poison.
   Will:      It increases your willpower.
Wands
 b - a wand of acid (2)
 h - a wand of paralysis (4)
 A - a wand of flame (16)
 G - a wand of digging (27)
Scrolls
 e - 7 scrolls of teleportation
 g - a scroll of enchant weapon
 l - a scroll of amnesia
 m - 2 scrolls of silence
 s - 2 scrolls of brand weapon
 u - a scroll of magic mapping
 v - 2 scrolls of fear
 M - 6 scrolls of fog
 V - 2 scrolls of blinking
Potions
 a - 9 potions of flight
 f - 5 potions of ambrosia
 n - 12 potions of curing
 o - 5 potions of brilliance
 q - 3 potions of lignification
 w - a potion of cancellation
 B - 2 potions of magic
 C - a potion of might
 D - 5 potions of mutation
 J - a potion of haste
 X - 5 potions of heal wounds


   Skills:
 + Level 17.0 Fighting
 * Level 19.1 Axes
 + Level 17.9 Armour
 - Level 10.5 Dodging
 + Level 15.4 Shields
 + Level 13.3 Invocations


You had 19 spell levels left.
You didn't know any spells.
Your spell library contained the following spells:

 Spells                   Type           Power      Damage    Failure   Level
 Foxfire                  Conj/Fire      0%         2x1d4     100%        1
 Magic Dart               Conj           0%         1d3       100%        1
 Pain                     Necr           0%         1d4       100%        1
 Sandblast                Erth           0%         2d4       100%        1
 Slow                     Hex            0%         N/A       100%        1
 Blink                    Tloc           0%         N/A       100%        2
 Corpse Rot               Necr/Air       0%         N/A       100%        2
 Passwall                 Tmut/Erth      0%         N/A       100%        2
 Poisonous Vapours        Pois/Air       0%         N/A       100%        2
 Searing Ray              Conj           0%         2d4       100%        2
 Sublimation of Blood     Necr           0%         N/A       100%        2
 Confusing Touch          Hex            0%         N/A       100%        3
 Conjure Flame            Conj/Fire      0%         6-21      100%        3
 Dazzling Flash           Conj/Hex       0%         N/A       100%        3
 Frozen Ramparts          Ice            0%         1d2       100%        3
 Ignite Poison            Fire/Tmut/Pois 0%         N/A       100%        3
 Inner Flame              Hex/Fire       0%         N/A       100%        3
 Lesser Beckoning         Tloc           0%         N/A       100%        3
 Ozocubu's Armour         Ice            0%         N/A       100%        3
 Portal Projectile        Hex/Tloc       0%         N/A       100%        3
 Stone Arrow              Conj/Erth      0%         3d7       100%        3
 Vampiric Draining        Necr           0%         2d6       100%        3
 Flame Wave               Conj/Fire      0%         2d4       100%        4
 Fulminant Prism          Conj/Hex       0%         3d6       100%        4
 Hailstorm                Conj/Ice       0%         3d3       100%        4
 Ice Form                 Ice/Tmut       0%         N/A       100%        4
 Leda's Liquefaction      Hex/Erth       0%         N/A       100%        4
 Passage of Golubria      Tloc           0%         N/A       100%        4
 Petrify                  Tmut/Erth      0%         N/A       100%        4
 Sticky Flame             Conj/Fire      0%         2d3       100%        4
 Agony                    Necr           0%         N/A       100%        5
 Blade Hands              Tmut           0%         N/A       100%        5
 Excruciating Wounds      Necr           0%         N/A       100%        5
 Irradiate                Conj/Tmut      0%         3d14      100%        5
 Manifold Assault         Tloc           0%         N/A       100%        5
 Silence                  Hex/Air        0%         N/A       100%        5
 Yara's Violent Unravell  Hex/Tmut       0%         3d3       100%        5
 Conjure Ball Lightning   Conj/Air       0%         3x3d6     100%        6
 Eringya's Noxious Bog    Tmut/Pois      0%         N/A       100%        6
 Iron Shot                Conj/Erth      0%         9d1       100%        6
 Ozocubu's Refrigeration  Ice            0%         4d5       100%        7
 Borgnjor's Revivificati  Necr           0%         N/A       100%        8
 Necromutation            Tmut/Necr      0%         N/A       100%        8
 Death's Door             Necr           0%         N/A       100%        9
 Animate Skeleton         Necr           Unusable   N/A       N/A         1
 Call Canine Familiar     Summ           Unusable   N/A       N/A         3
 Tukima's Dance           Hex            Unusable   N/A       N/A         3
 Animate Armour           Summ/Erth      Unusable   N/A       N/A         4
 Summon Ice Beast         Ice/Summ       Unusable   N/A       N/A         4
 Summon Forest            Summ/Tloc      Unusable   N/A       N/A         5
 Simulacrum               Ice/Necr       Unusable   N/A       N/A         6
 Summon Hydra             Summ           Unusable   N/A       N/A         7

Dungeon Overview and Level Annotations

Branches:
Dungeon (15/15)            Temple (1/1) D:4            Lair (6/6) D:9
  Swamp (4/4) Lair:2        Snake (4/4) Lair:4        Slime (0/5) Lair:6
    Orc (2/2) D:10            Elf (0/3) Orc:2        Vaults (5/5) D:14
  Crypt (0/3) Vaults:3     Depths (1/4) D:15          IceCv (visited)
Gauntlet (visited)

Altars:
Cheibriados
Dithmenos
Fedhas
Gozag
Hepliaklqana
Kikubaaqudgha
Makhleb
Nemelex Xobeh
Okawaru
Qazlal
Ru
Sif Muna
Trog
Uskayaw
Vehumet
Wu Jian
Xom
Yredelemnul
Zin
Beogh

Shops:
D:4 :(   D:12 (   Orc:2 [([!!((   Snake:1 *   Snake:4 :   Vaults:1 (
Vaults:2 *   Vaults:4 (

Portals:
Hell: Depths:1
Ziggurat: Depths:1
Trove: D:13 (give horn of Geryon)

Annotations:
D:5 2 runed translucent doors
Swamp:3 2 transporters, Teitaat's ghost, adept MiFi


Innate Abilities, Weirdness & Mutations

You have large cloven feet.
You have a pair of large horns on your head.
((A demonic guardian rushes to your aid.))
Your demonic aura causes all spilled blood to erupt in flames.
You have a sharp stinger which inflicts weakening toxins.
Armour fits poorly on your strangely shaped body.
You sometimes lose the ability to read scrolls when taking damage.


Message History

The bolt of lightning hits you! You resist.
You feel yourself slow down.
The tengu reaver points at you and mumbles some strange words.
The bolt of fire hits you! You resist.
You feel yourself speed up.
The tengu reaver gestures at you while chanting.
The bolt of fire hits you! You resist.
* * * LOW HITPOINT WARNING * * *
An ironbound preserver comes into view.
It is wielding a +0 great mace of draining.
The ironbound preserver shouts!
The war gargoyle launches metal splinters at you.
The spray of metal splinters hits you but does no damage.
The ironbound preserver throws a stone.
The stone hits you!
* * * LOW HITPOINT WARNING * * *
A sphinx comes into view.
Found a chain mail.
The vault guard shouts!
Found a flail.
Found 44 gold pieces.
The war gargoyle is engulfed in blazing flames.
Found 21 stones.
Found 54 gold pieces.
The sphinx mumbles some strange words.
You resist with almost no effort.
Found a rapier.
Found a short sword.
Found a shortbow.
An ironbound convoker comes into view. It is wielding a +0 morningstar.
The ironbound convoker shouts!
The tengu reaver shouts!
You hear a shout!
The tengu reaver gestures at you while chanting.
The bolt of negative energy hits you!!
You feel drained.
* * * LOW HITPOINT WARNING * * *
The tengu reaver hits you but does no damage.
The ironbound convoker points at the tengu reaver and mumbles some strange words.
The tengu reaver seems to grow stronger.
A war gargoyle and an ironbound convoker come into view.
The ironbound convoker shouts!
The tengu reaver casts a spell at you. The bolt of negative energy hits you!
You feel drained.
You die...

.§§§§§.........
################p........#.##
............§§........9...!..
...........§§§....)<<.)......
............§§p(..<[)<.......
.....uT..u.§§§...p.<<(.......
################...[[[..#####
......Q...[[....$..
.##@#....#..2..
##.#....#......
##..#....#......
#)..#....#...... #)..#....#
... #####..#....# ##(.###.#
#....##.# ........#


You could see a tengu reaver (strong), a war gargoyle and 2 ironbound convokers.

Vanquished Creatures
  A dread lich (Vaults:4)
  Bai Suzhen (Swamp:4)
  A golden dragon (Vaults:5)
  Nikola (Swamp:3)
  Jory (Vaults:4)
  A bone dragon (Abyss:1)
  Jorgrun (Snake:3)
  A tentacled monstrosity (Swamp:3)
  Asterion (Snake:2)
  A titan (Vaults:5)
  A tentacled starspawn (Abyss:1)
  3 thorn hunters
  Kirke (Lair:4)
  3 tengu reavers
  5 nagarajas
  A deep elf sorcerer (Vaults:3)
  2 frost giants
  2 orc warlords
  Aizul (Snake:3)
  13 vault wardens
  3 ghouls (Swamp:2)
  15 ironbound preservers
  A caustic shrike skeleton (Depths:1)
  A war gargoyle (Vaults:5)
  9 ironbound thunderhulks
  2 vampire knights (Swamp:4)
  4 very ugly things
  4 stone giants
  Nessos (D:14)
  2 eleionomae (Swamp:3)
  A minotaur (Gauntlet)
  2 deep elf annihilators (Vaults:3)
  2 deep elf demonologists
  10 dire elephants
  3 bunyips
  A yellow draconian (Abyss:1)
  3 spark wasps (Depths:1)
  2 ettins (Vaults:4)
  The ghost of Otupot the Thaumaturge, a journeyman DsFE of Cheibriados (Lair:3)
  Snorg (Lair:6)
  A crystal guardian (Vaults:4)
  Josephine (Lair:5)
  5 shambling mangroves (Swamp:4)
  7 yaktaur captains
  A deep elf high priest (Vaults:3)
  11 naga warriors
  Erolcha (Orc:2)
  2 salamander tyrants
  28 vault guards
  4 boulder beetles
  Harold (D:7)
  The ghost of MechaKamiliLaw the Blocker, a journeyman FoFi of Makhleb (D:11)
  2 spriggan air magi (Swamp:2)
  18 hydras
  2 peacekeepers (Vaults:4)
  A death knight (D:13)
  6 ironbound frosthearts
  2 centaur warriors
  10 anacondas
  16 alligators
  3 catoblepae (Lair:6)
  A death scarab (D:15)
  A tengu warrior (D:14)
  8 two-headed ogres
  12 naga sharpshooters
  4 orc high priests (Orc:2)
  19 death yaks
  Urug (D:11)
  A thrashing horror (Abyss:1)
  2 spriggan berserkers
  6 spriggans
  3 shock serpents
  Sonja (Lair:4)
  A shadow wraith (Lair:4)
  A deep elf knight (Vaults:3)
  A sun demon (Abyss:1)
  7 goliath frogs
  3 salamander mystics
  52 deep trolls
  A spark wasp zombie (Depths:1)
  A death drake (Abyss:1)
  11 naga ritualists
  5 bog bodies
  4 spriggan druids
  4 spectral hydras (Swamp:4)
  3 glowing orange brains
  4 necromancers
  13 wizards
  5 lindwurms (Vaults:3)
  5 orc knights
  A harpy (Vaults:4)
  6 swamp dragons
  A deep elf pyromancer (D:15)
  A stone giant zombie (Depths:1)
  13 ironbound convokers
  3 oklob plants (Swamp:4)
  10 salamanders
  A salamander (shapeshifter) (Vaults:5)
  A wolf spider (Gauntlet)
  5 orc sorcerers
  12 mana vipers
  43 ugly things
  4 cyclopes
  2 manticores (Lair:6)
  5 will-o-the-wisps
  3 moths of wrath
  3 guardian serpents
  2 frost giant skeletons (Vaults:2)
  Joseph (D:10)
  Maurice (D:11)
  An ice statue (IceCv)
  14 vault sentinels
  38 black mambas
  9 elephants
  19 naga magi
  9 cane toads
  25 yaktaurs
  A cane toad (shapeshifter) (D:14)
  An elf skeleton (Vaults:2)
  4 gargoyles
  A yaktaur zombie (Vaults:2)
  A hellion (Abyss:1)
  5 komodo dragons
  3 freezing wraiths
  A human skeleton (Vaults:2)
  2 hydra zombies (Swamp:4)
  2 ancient zymes (Abyss:1)
  2 polar bears (shapeshifter)
  A harpy zombie (Abyss:1)
  3 meliai (D:14)
  3 death drake zombies (Swamp:4)
  6 trolls
  8 polar bears (IceCv)
  4 death drake skeletons (Swamp:4)
  A blink frog (shapeshifter) (D:13)
  2 meliai (shapeshifter)
  9 tyrant leeches
  43 slime creatures
  12 hornets
  16 blink frogs
  7 dream sheep (Lair:6)
  2 flying skulls (Abyss:1)
  2 centaur simulacra
  2 shadows
  91 yaks
  6 wraiths
  5 wyverns
  3 basilisks
  Eustachio (D:6)
  5 hogs (Lair:4)
  A steam dragon (D:10)
  4 redbacks (Gauntlet)
  A warg (shapeshifter) (D:12)
  A spriggan simulacrum (Depths:1)
  3 vampire mosquitoes
  16 swamp worms
  37 nagas
  A harpy simulacrum (Gauntlet)
  A neqoxec (D:11)
  2 hydra simulacra (Swamp:4)
  3 wargs
  4 acid dragons
  20 water moccasins
  Duvessa (D:6)
  A sky beast (D:7)
  5 swamp drakes
  A meliai simulacrum (D:14)
  6 black bears
  37 orc warriors
  4 necrophages
  13 ogres
  8 boggarts
  An ice beast (D:5)
  3 swamp dragon zombies (Swamp:4)
  16 centaurs
  31 wolves
  A swamp dragon skeleton (Swamp:4)
  3 kobold brigands
  9 bullfrogs
  2 scorpions (D:5)
  A gnoll sergeant (D:11)
  Dowan (D:6)
  21 killer bees
  A howler monkey (D:11)
  2 wights (Abyss:1)
  11 electric eels
  3 centaur zombies
  6 quasits
  3 hounds
  An iron imp (Abyss:1)
  4 centaur skeletons
  20 orc priests
  A gnoll shaman (D:4)
  A jelly (D:5)
  2 bullfrog skeletons
  31 orc wizards
  6 iguanas
  2 killer bee zombies
  A hound skeleton (D:5)
  A howler monkey zombie (D:8)
  3 adders
  7 gnolls
  2 shadow imps
  3 white imps
  2 worms
  3 dart slugs
  130 orcs
  6 ball pythons
  6 bats
  A bat zombie (D:15)
  3 endoplasms
  5 giant cockroaches
  A goblin (D:4)
  4 hobgoblins
  A quokka (D:3)
  3 frilled lizards
  17 kobolds
  2 rats
  4 rat zombies (D:15)
  9 briar patches (Swamp:2)
  A starspawn tentacle (Abyss:1)
1469 creatures vanquished.

Vanquished Creatures (collateral kills)
  A gnoll (D:4)
1 creature vanquished.

Vanquished Creatures (others)
  An orc warlord (Vaults:2)
  A will-o-the-wisp (Swamp:2)
  4 bloated husks
  A briar patch (Swamp:2)
  A demonic plant (Abyss:1)
  30 foxfires
  14 fungi
  125 plants
  A starspawn tentacle (Abyss:1)
  2 withered plants (Gauntlet)
180 creatures vanquished.

Grand Total: 1650 creatures vanquished

Notes
Turn   | Place    | Note
-------+----------+-------------------------------------------
     0 | D:1      | Sin92 the Demonspawn Fighter began the quest for the Orb.
     0 | D:1      | Reached XP level 1. HP: 18/18 MP: 1/1
   148 | D:1      | Reached skill level 2 in Axes
   179 | D:1      | Discovered your monstrous ancestry.
   179 | D:1      | Gained mutation: You have a small tail. [demonic ancestry]
   179 | D:1      | Reached XP level 2. HP: 16/24 MP: 2/2
   343 | D:1      | Found a faded altar of an unknown god.
   543 | D:1      | You fall into a shaft and drop 1 floor!
   881 | D:2      | Identified the +9 war axe of the Shore {elec, Str-3 Dex+5}
  1290 | D:2      | Gained mutation: You have a pair of small horns on your
                  | head. [demonic ancestry]
  1290 | D:2      | Reached XP level 3. HP: 29/29 MP: 3/3
  1663 | D:3      | Noticed an ogre
  1670 | D:3      | Reached skill level 1 in Dodging
  1676 | D:3      | Gained mutation: A weak demonic guardian rushes to your
                  | aid. [demonic ancestry]
  1676 | D:3      | Reached XP level 4. HP: 32/37 MP: 4/4
  1681 | D:3      | Killed an ogre
  1682 | D:3      | Gained mutation: Your demonic aura sometimes causes spilled
                  | blood to erupt in flames. [demonic ancestry]
  1682 | D:3      | Reached XP level 5. HP: 26/42 MP: 5/5
  2550 | D:4      | Found a burning altar of Makhleb.
  2554 | D:4      | Reached XP level 6. HP: 28/49 MP: 6/6
  2555 | D:4      | Reached skill level 3 in Axes
  2915 | D:4      | Reached skill level 5 in Fighting
  3024 | D:4      | Gained mutation: You have a tail ending in a sharp stinger.
                  | [demonic ancestry]
  3024 | D:4      | Reached XP level 7. HP: 55/56 MP: 7/7
  3239 | D:4      | Found Nud Lergh's Book Boutique.
  3296 | D:4      | Found a staircase to the Ecumenical Temple.
  3440 | D:4      | Found Hobaik's Firing Range.
  3585 | Temple   | Entered the Ecumenical Temple
  3727 | Temple   | Became a worshipper of Warmaster Okawaru
  3765 | D:5      | Entered Level 5 of the Dungeon
  4123 | D:5      | Identified a scroll of acquirement
  4123 | D:5      | Acquired the +7 crystal plate armour of Gido {rElec Dex+4}
  4291 | D:5      | Reached * piety under Okawaru
  4388 | D:5      | Gained mutation: Your demonic aura often causes spilled
                  | blood to erupt in flames. [demonic ancestry]
  4388 | D:5      | Reached XP level 8. HP: 64/64 MP: 8/8
  4420 | D:5      | Reached skill level 4 in Axes
  4420 | D:5      | Reached skill level 5 in Armour
  4661 | D:5      | Reached ** piety under Okawaru
  4777 | D:5      | Found a large runed translucent door.
  4778 | D:5      | Found a large runed translucent door.
  4801 | D:5      | Found a large runed translucent door.
  4801 | D:5      | Found a large runed translucent door.
  4898 | D:5      | Reached skill level 1 in Invocations
  5025 | D:5      | Noticed a two-headed ogre
  5029 | D:5      | Killed a two-headed ogre
  5029 | D:5      | Reached *** piety under Okawaru
  5030 | D:5      | Reached skill level 5 in Shields
  5030 | D:5      | Reached XP level 9. HP: 71/71 MP: 9/11
  5147 | D:5      | Identified the +0 plate armour "Xief" {*Corrode Drain rElec
                  | Slay+4}
  5373 | D:6      | Noticed Eustachio
  5380 | D:6      | Killed Eustachio
  5380 | D:6      | Reached **** piety under Okawaru
  5435 | D:6      | Reached skill level 5 in Axes
  5631 | D:6      | Noticed Dowan
  5632 | D:6      | Noticed Duvessa
  5635 | D:6      | Killed Dowan
  5638 | D:6      | Killed Duvessa
  6135 | D:7      | Noticed Harold
  6153 | D:7      | Killed Harold
  6154 | D:7      | Reached skill level 5 in Invocations
  6154 | D:7      | Reached XP level 10. HP: 49/79 MP: 13/13
  6156 | D:7      | Reached ***** piety under Okawaru
  6157 | D:7      | Reached skill level 5 in Dodging
  6899 | D:8      | Got the Guide on Confrontation
  7051 | D:8      | Identified the +1 chain mail of Read {Harm Drain Dex+2}
  7178 | D:8      | Noticed a two-headed ogre
  7192 | D:8      | Killed a two-headed ogre
  7200 | D:8      | Reached skill level 6 in Axes
  7484 | D:9      | Received a gift from Okawaru
  7497 | D:9      | Found a staircase to the Lair.
  7686 | D:9      | Gained mutation: You have large cloven feet. [demonic
                  | ancestry]
  7686 | D:9      | Reached XP level 11. HP: 86/86 MP: 15/15
  8067 | D:9      | Identified the +8 ring mail of Free Will {rC+ Regen+}
                  | (Okawaru gifted it to you on level 9 of the Dungeon)
  8067 | D:9      | Received a gift from Okawaru
  8359 | D:10     | Entered Level 10 of the Dungeon
  8364 | D:10     | Found a staircase to the Orcish Mines.
  8365 | D:10     | Noticed a two-headed ogre
  8373 | D:10     | Killed a two-headed ogre
  8484 | D:10     | Noticed a two-headed ogre
  8488 | D:10     | Killed a two-headed ogre
  9257 | D:10     | Noticed Joseph
  9267 | D:10     | Killed Joseph
  9268 | D:10     | Reached skill level 7 in Axes
  9666 | Lair:1   | Entered Level 1 of the Lair of Beasts
  9733 | Lair:1   | Reached skill level 10 in Armour
  9834 | Lair:1   | Identified the +1 scale mail of Repulsion {rElec rF+
                  | Slay+3} (Okawaru gifted it to you on level 1 of the Lair of
                  | Beasts)
  9834 | Lair:1   | Received a gift from Okawaru
  9917 | Lair:1   | Gained mutation: You have a pair of horns on your head.
                  | [demonic ancestry]
  9917 | Lair:1   | Reached XP level 12. HP: 83/95 MP: 17/17
 10542 | Lair:2   | Found a staircase to the Swamp.
 11037 | Lair:2   | You fall into a shaft and drop 2 floors!
 11160 | Lair:4   | Reached skill level 8 in Axes
 11263 | Lair:3   | Noticed a death yak
 11273 | Lair:3   | Noticed a death yak
 11286 | Lair:3   | Killed a death yak
 11289 | Lair:3   | Killed a death yak
 11324 | Lair:3   | Noticed a death yak
 11329 | Lair:3   | Killed a death yak
 11330 | Lair:3   | Reached skill level 10 in Fighting
 11331 | Lair:3   | Noticed a death yak
 11331 | Lair:3   | Noticed a death yak
 11341 | Lair:3   | Received a gift from Okawaru
 11348 | Lair:3   | Killed a death yak
 11352 | Lair:3   | Killed a death yak
 11444 | Lair:3   | Noticed an eight-headed hydra
 11453 | Lair:3   | Killed a 12-headed hydra
 11495 | Lair:3   | Found a gate leading to a gauntlet.
 11508 | Gauntlet | Entered a Gauntlet
 11508 | Gauntlet | Found a transporter.
 11510 | Gauntlet | Noticed a death scarab
 11681 | Gauntlet | Found a transporter.
 11684 | Gauntlet | Found a transporter.
 11685 | Gauntlet | Found a transporter.
 11693 | Gauntlet | Found a transporter.
 11696 | Gauntlet | Found a transporter.
 11697 | Gauntlet | Found a transporter.
 11705 | Gauntlet | Found a transporter.
 11708 | Gauntlet | Found a transporter.
 11709 | Gauntlet | Found a transporter.
 11720 | Gauntlet | Found a transporter.
 11720 | Gauntlet | Found a transporter.
 11721 | Gauntlet | Found a transporter.
 11730 | Gauntlet | Found a transporter.
 11974 | Gauntlet | Identified the ring of the Sun {rPois rC+ Will+}
 11989 | Gauntlet | Identified the +4 hat "Maalierr" {+Blink}
 12081 | Gauntlet | Noticed a minotaur
 12090 | Gauntlet | Killed a minotaur
 12091 | Gauntlet | Gained mutation: A demonic guardian rushes to your aid.
                  | [demonic ancestry]
 12091 | Gauntlet | Reached XP level 13. HP: 104/104 MP: 18/18
 12205 | Lair:3   | Found a transporter.
 12216 | Lair:3   | Noticed Otupot's ghost (journeyman DsFE)
 12416 | Lair:3   | Found a transporter.
 12837 | Lair:3   | Killed Otupot's ghost
 12838 | Lair:3   | Reached skill level 9 in Axes
 12850 | Lair:3   | Identified the +3 cloak of the Fletcher {Int+2}
 12950 | Lair:4   | Noticed Kirke
 12961 | Lair:4   | Killed Kirke
 13058 | Lair:4   | Found a staircase to the Snake Pit.
 13163 | Lair:4   | Noticed Sonja
 13167 | Lair:4   | Cast into level 1 of the Abyss (Sonja)
 13203 | Abyss:1  | Noticed a bone dragon
 13224 | Abyss:1  | Killed a bone dragon
 13245 | Abyss:1  | Noticed a balrug
 13266 | Abyss:1  | Found a corrupted altar of Lugonu.
 13423 | Abyss:1  | Noticed a yellow draconian
 13435 | Abyss:1  | Killed a yellow draconian
 13525 | Abyss:1  | Noticed a tentacled starspawn
 13531 | Abyss:1  | Killed a tentacled starspawn
 13537 | Lair:4   | Escaped the Abyss
 14084 | Lair:4   | Killed Sonja
 14476 | Lair:5   | Received a gift from Okawaru
 14644 | Lair:5   | Noticed Josephine
 14651 | Lair:5   | Killed Josephine
 14656 | Lair:5   | Reached ****** piety under Okawaru
 14657 | Lair:5   | Acquired 1247 gold pieces
 14911 | Lair:6   | Entered Level 6 of the Lair of Beasts
 14912 | Lair:6   | Noticed Snorg
 15135 | Lair:6   | Reached skill level 10 in Shields
 15148 | Lair:6   | Found a staircase to the Slime Pits.
 15258 | Lair:6   | Gained mutation: You have a pair of large horns on your
                  | head. [demonic ancestry]
 15258 | Lair:6   | Reached XP level 14. HP: 98/113 MP: 19/19
 15294 | Lair:6   | Killed Snorg
 15295 | Lair:6   | Reached skill level 10 in Axes
 15632 | Lair:6   | Received a gift from Okawaru
 15632 | Lair:6   | Found the +8 longbow "Zephyr" {speed, Dex+3 SInv}
 16378 | D:11     | Found a transporter.
 16382 | D:11     | Noticed MechaKamiliLaw's ghost (journeyman FoFi)
 16387 | D:11     | Noticed Maurice
 16416 | D:11     | Killed Maurice
 16450 | D:11     | Found a transporter.
 16480 | D:11     | Noticed Urug
 16494 | D:11     | Killed Urug
 16547 | D:11     | Found the +3 giant club "Skullcrusher" {speed, Str+7}
 16909 | D:11     | Killed MechaKamiliLaw's ghost
 17040 | D:12     | Reached skill level 11 in Axes
 17068 | D:12     | Found Gown's Antique Weapon Emporium.
 17180 | D:12     | Received a gift from Okawaru
 17609 | Orc:1    | Entered Level 1 of the Orcish Mines
 17634 | Orc:1    | Identified the +5 plate armour "Hoinucos" {Fly rPois Dex+2
                  | Slay-4} (Okawaru gifted it to you on level 1 of the Orcish
                  | Mines)
 17634 | Orc:1    | Received a gift from Okawaru
 17713 | Orc:1    | Found a frozen archway.
 17728 | IceCv    | Entered an ice cave
 17995 | IceCv    | Reached XP level 15. HP: 122/122 MP: 20/20
 18073 | IceCv    | Noticed a frost giant
 18073 | IceCv    | Found the +2 Maxwell's thermic engine {flame, freeze}
 18095 | IceCv    | Killed a frost giant
 18107 | IceCv    | Found the dreamshard necklace {*Dream Drain}
 19378 | Orc:2    | Entered Level 2 of the Orcish Mines
 19568 | Orc:2    | Found a staircase to the Elven Halls.
 19575 | Orc:2    | Found Huobyki's Distillery.
 19657 | Orc:2    | Found Moxykk's Distillery.
 19675 | Orc:2    | Bought a potion of heal wounds for 75 gold pieces
 19675 | Orc:2    | Bought 2 potions of curing for 90 gold pieces
 19675 | Orc:2    | Bought a potion of might for 60 gold pieces
 19675 | Orc:2    | Bought a potion of flight for 45 gold pieces
 19675 | Orc:2    | Bought 2 potions of flight for 90 gold pieces
 19675 | Orc:2    | Bought a potion of heal wounds for 75 gold pieces
 19696 | Orc:2    | Bought a potion of heal wounds for 75 gold pieces
 19696 | Orc:2    | Bought a potion of haste for 150 gold pieces
 19696 | Orc:2    | Bought a potion of curing for 45 gold pieces
 19696 | Orc:2    | Bought a potion of heal wounds for 75 gold pieces
 19696 | Orc:2    | Bought a potion of heal wounds for 75 gold pieces
 19792 | Orc:2    | Found Dulunum's Weapon Shop.
 19800 | Orc:2    | Noticed Erolcha
 19805 | Orc:2    | Killed Erolcha
 19908 | Orc:2    | Found Ciohajeo's Antique Weapon Shoppe.
 20124 | Orc:2    | Reached skill level 12 in Axes
 20443 | Orc:2    | Found Ehiuss's Antique Armour Boutique.
 20497 | Orc:2    | Bought a pair of glowing boots for 195 gold pieces
 20555 | Orc:2    | Noticed an orc warlord
 20589 | Orc:2    | Killed an orc warlord
 20589 | Orc:2    | Identified the +4 scale mail "Kuusogos" {Str+4} (Okawaru
                  | gifted it to you on level 2 of the Orcish Mines)
 20589 | Orc:2    | Received a gift from Okawaru
 20927 | Orc:2    | Found Nuizxues's Antique Weapon Shoppe.
 20957 | Orc:2    | Found Orrise's Antique Armour Emporium.
 20972 | Orc:2    | Bought a brightly glowing plate armour for 1064 gold pieces
 20972 | Orc:2    | Identified the +9 plate armour "Yxzomn" {rC+} (You bought
                  | it in a shop on level 2 of the Orcish Mines)
 20972 | Orc:2    | Bought a pair of glowing gloves for 285 gold pieces
 21257 | Swamp:1  | Entered Level 1 of the Swamp
 24142 | D:13     | Found a portal to a secret trove of treasure.
 25100 | D:13     | Identified the +0 ring mail "Gireep" {rElec rPois} (Okawaru
                  | gifted it to you on level 13 of the Dungeon)
 25100 | D:13     | Received a gift from Okawaru
 25644 | D:14     | Found a gate to the Vaults.
 25784 | D:14     | Reached skill level 13 in Axes
 25784 | D:14     | Reached skill level 15 in Armour
 25784 | D:14     | Gained mutation: You have a sharp stinger which inflicts
                  | weakening toxins. [demonic ancestry]
 25784 | D:14     | Reached XP level 16. HP: 130/130 MP: 21/21
 26032 | D:14     | Noticed Nessos
 26052 | D:14     | Killed Nessos
 26595 | D:15     | Entered Level 15 of the Dungeon
 27089 | D:15     | Found an ancient bone altar of Kikubaaqudgha.
 27321 | D:15     | Found a staircase to the Depths.
 28456 | Swamp:2  | Received a gift from Okawaru
 28978 | Swamp:2  | Noticed a thorn hunter
 28995 | Swamp:2  | Killed a thorn hunter
 29351 | Swamp:2  | Noticed a thorn hunter
 29359 | Swamp:2  | Killed a thorn hunter
 29639 | Swamp:3  | Noticed Nikola
 30142 | Swamp:3  | Found the +7 great mace "Undeadhunter" {disrupt, rN+}
 30143 | Swamp:3  | Noticed a thorn hunter
 30144 | Swamp:3  | Noticed a tentacled monstrosity
 30145 | Swamp:3  | Noticed Teitaat's ghost (adept MiFi)
 30147 | Swamp:3  | Found a transporter.
 30161 | Swamp:3  | Found a transporter.
 30232 | Swamp:3  | Reached skill level 14 in Axes
 30236 | Swamp:3  | Noticed a tentacled monstrosity
 30251 | Swamp:3  | Killed a tentacled monstrosity
 30264 | Swamp:3  | Killed Nikola
 30415 | Swamp:3  | Received a gift from Okawaru
 31009 | Swamp:3  | Acquired the +3 pair of seven-league boots {Rampage+∞}
 31009 | Swamp:3  | Found the +3 pair of seven-league boots {Rampage+∞}
 31025 | Swamp:4  | Entered Level 4 of the Swamp
 31669 | Swamp:4  | Gained mutation: Your demonic aura causes all spilled blood
                  | to erupt in flames. [demonic ancestry]
 31669 | Swamp:4  | Reached XP level 17. HP: 123/139 MP: 22/22
 31817 | Swamp:4  | Noticed Bai Suzhen
 31857 | Swamp:4  | Killed Bai Suzhen
 32311 | Swamp:4  | Identified the +1 robe "Defiafuh" {Int+4 Dex+4} (Okawaru
                  | gifted it to you on level 4 of the Swamp)
 32311 | Swamp:4  | Received a gift from Okawaru
 33112 | Swamp:4  | Reached skill level 15 in Axes
 33112 | Swamp:4  | Reached skill level 10 in Dodging
 33121 | Swamp:4  | Found a blossoming altar of Fedhas.
 33552 | Swamp:4  | Found a basalt altar of Yredelemnul.
 34077 | Snake:1  | Entered Level 1 of the Snake Pit
 34154 | Snake:1  | Found Vyuta's General Store.
 34762 | Snake:2  | Noticed Asterion
 34776 | Snake:2  | Killed Asterion
 35426 | Snake:2  | Identified the +6 war axe "Zukikug" {elec, rF+ Dex+2}
                  | (Okawaru gifted it to you on level 2 of the Snake Pit)
 35426 | Snake:2  | Received a gift from Okawaru
 36505 | Snake:3  | Noticed Aizul
 36514 | Snake:3  | Killed Aizul
 36683 | Snake:3  | Reached XP level 18. HP: 147/147 MP: 23/23
 37156 | Snake:3  | Noticed Jorgrun
 37162 | Snake:3  | Killed Jorgrun
 37439 | Snake:4  | Entered Level 4 of the Snake Pit
 38391 | Snake:4  | Identified the +3 hand axe of the Poles {antimagic, *Slow
                  | rPois Str+5}
 38393 | Snake:4  | Found Ablufaos's Book Shoppe.
 38399 | Snake:4  | Reached skill level 16 in Axes
 38401 | Snake:4  | Reached skill level 15 in Fighting
 38627 | Snake:4  | Received a gift from Okawaru
 40049 | Snake:4  | Received a gift from Okawaru
 40387 | Snake:4  | Got a serpentine rune of Zot
 40870 | Swamp:4  | Got a decaying rune of Zot
 41400 | Depths:1 | Entered Level 1 of the Depths
 41400 | Depths:1 | Found the +7 sceptre of Torment {pain, torment}
 41400 | Depths:1 | Found a one-way gateway to a ziggurat.
 41612 | Depths:1 | Found a gateway to Hell.
 42176 | Vaults:1 | Entered Level 1 of the Vaults
 42583 | Vaults:1 | Received a gift from Okawaru
 42980 | Vaults:1 | Found Tinnagao's Weapon Shop.
 43629 | Vaults:2 | Found Asonitue's Assorted Antiques.
 43637 | Vaults:2 | Bought a translucent scale mail for 243 gold pieces
 43637 | Vaults:2 | Identified the +4 scale mail of Focus {rF++ Will+} (You
                  | bought it in a shop on level 2 of the Vaults)
 43637 | Vaults:2 | Bought 2 potions of heal wounds for 270 gold pieces
 43637 | Vaults:2 | Bought a potion of heal wounds for 135 gold pieces
 43673 | Vaults:2 | Reached XP level 19. HP: 133/155 MP: 26/26
 43881 | Vaults:2 | Reached skill level 17 in Axes
 44656 | Vaults:2 | Reached skill level 10 in Invocations
 45310 | Vaults:3 | Received a gift from Okawaru
 45322 | Vaults:3 | Identified the +5 ring mail of Gravity {Harm rC- rN+}
                  | (Okawaru gifted it to you on level 3 of the Vaults)
 45322 | Vaults:3 | Received a gift from Okawaru
 45361 | Vaults:3 | HP: 1/157 [vault warden/+2 long sword of holy wrath (18)]
 47223 | Vaults:3 | Found a staircase to the Crypt.
 47223 | Vaults:3 | Found an ancient bone altar of Kikubaaqudgha.
 47224 | Vaults:3 | Found a basalt altar of Yredelemnul.
 47470 | Vaults:3 | Reached skill level 18 in Axes
 47560 | Vaults:3 | Reached XP level 20. HP: 142/165 MP: 28/28
 47767 | Vaults:3 | Identified the +0 ring mail of the Solstice {rF- rC+ rN++
                  | SInv} (Okawaru gifted it to you on level 3 of the Vaults)
 47767 | Vaults:3 | Received a gift from Okawaru
 48737 | Vaults:4 | Reached skill level 15 in Shields
 49255 | Vaults:4 | Noticed Jory
 49272 | Vaults:4 | Killed Jory
 49643 | Vaults:4 | Found Jutyineros's Weapon Boutique.
 50146 | Vaults:4 | Identified the -1 kite shield of Okawaru's Envy {rPois
                  | Int+7} (Okawaru gifted it to you on level 4 of the Vaults)
 50146 | Vaults:4 | Received a gift from Okawaru
 50310 | Vaults:5 | Entered Level 5 of the Vaults
 50312 | Vaults:5 | Noticed a golden dragon
 50332 | Vaults:5 | Killed a golden dragon
 50721 | Vaults:5 | Noticed a dread lich
 50738 | Vaults:4 | Paralysed by a dread lich for 6 turns
 51148 | Vaults:4 | Killed a dread lich
 51149 | Vaults:4 | Reached skill level 19 in Axes
 51243 | Vaults:5 | Gained mutation: You sometimes lose the ability to read
                  | scrolls when taking damage. [a cacodemon]
 51255 | Vaults:5 | Gained mutation: Armour fits poorly on your strangely
                  | shaped body. [a cacodemon]
 51268 | Vaults:5 | HP: 8/168 [balrug/divine providence[a deep elf
                  | demonologist] (9)]
 51364 | Vaults:5 | Killed from afar by a tengu reaver

Illustrated notes

Levels and vault maps discovered:
D:1:      tarquinn_simple_flora_water_e, layout_loops_ring,
          hellmonk_ecumenical_altar_lost_god, grunt_decor_cap
D:2:      layout_basic
D:3:      layout_basic
D:4:      layout_basic, makhleb_blood_cavern_becter, minmay_temple_entry_fiery,
          serial_shops, shop, serial_bayou_ford_a, hangedman_decor_growths,
          nicolae_shop_firing_range
D:5:      layout_basic, grunt_decor_fettered, kennysheep_cross_room,
          minmay_hollow_rounded_squares
D:6:      layout_basic, roderic_lattice_a, minmay_misc_feat_roman,
          minmay_misc_feat_four_crosses, uniq_duvessa, uniq_eustachio
D:7:      layout_basic, minmay_misc_feat_rows, uniq_harold
D:8:      layout_rooms
D:9:      layout_loops_ring, minmay_lair_entry_grove
D:10:     layout_roguey [special_room_orc], david_orc_3,
          hangedman_decor_riveting, billiards_dpeg, uniq_joseph
D:11:     layout_basic, gammafunk_ghost_stat_death, uniq_maurice, uniq_urug
D:12:     layout_rooms, serial_shops, nicolae_shop_crystal, serial_bayou,
          serial_bayou_crossing, serial_bayou_pond_b, serial_bayou_lagoon_a,
          serial_bayou_shore_b
D:13:     layout_basic, nicolae_trove_entry_diagonal, statue_in_the_mist_lemuel
D:14:     layout_rooms, david_vaults_4, minmay_staircase_statues_hall_small,
          uniq_nessos
D:15:     grunt_enter_depths_magical_seal, layout_rooms, dk_noncrumbling_2,
          lemuel_zombie_altar_kikubaaqudgha
Temple:   mainiacjoe_temple_hex_bubbles
Lair:1:   layout_cave_shapes, cheibrodos_lair_caveside_slide,
          infiniplex_staircase_pool, serial_bayou_shore_a, lemuel_fruit_tree
Lair:2:   layout_small_grid, minmay_swamp_entry_worms
Lair:3:   layout_small_grid, gammafunk_ghost_berserking_beasts,
          gauntlet_entry_generic, lemuel_fruit_fields, lemuel_fruit_fields,
          serial_bayou_shore_b
Lair:4:   layout_gridlike, minmay_snake_entry_six_corridors, uniq_kirke,
          uniq_sonja
Lair:5:   layout_regular_city, uniq_josephine
Lair:6:   evilmike_catoblepas_cave, layout_regular_city, slime_dummy,
          grunt_megastairs_4, uniq_snorg
Swamp:1:  layout_falls_marsh, serial_swamp_ruin, evilmike_swamp_ruin_rubble_1,
          evilmike_swamp_ruin_house_5, evilmike_swamp_ruin_house_4
Swamp:2:  layout_falls_marsh, evilmike_swamp_ruin_house_6, swamp_pool1,
          nicolae_swamp_feature_on_the_river_bank
Swamp:3:  layout_falls_marsh, gammafunk_ghost_arena, evilmike_swamp_ruin_wall,
          swamp_pool2, uniq_nikola
Swamp:4:  byrel_swamp_growth_death_and_undeath, layout_basic_swamp,
          nicolae_swamp_triple_paths, uniq_bai_suzhen
Snake:1:  layout_rooms, minmay_shop_star
Snake:2:  layout_chambers, uniq_asterion
Snake:3:  layout_gridlike, grunt_megastairs_2, uniq_aizul, uniq_jorgrun
Snake:4:  snake_pit, layout_cave_town, serial_shops, nicolae_shop_trees
Orc:1:    layout_diamond_mine, portal_ice_cave_entry_pillars_2, mines1_david
Orc:2:    grunt_orc_community_town_hall, layout_diamond_mine,
          grunt_orc_community_big_house_1, grunt_orc_community_big_house_1,
          grunt_orc_community_house_2, grunt_orc_community_house_1,
          grunt_orc_community_house_2, grunt_orc_community_house_1,
          grunt_orc_community_house_3, serial_shops, nicolae_shop_waterfront,
          shop, nicolae_shop_hallway_plus, uniq_erolcha
Vaults:1: grunt_vaults_focal, nicolae_vaults_little_squares_1,
          vaults_room_pools, ontoclasm_vaults_shuriken, nicolae_vaults_theta,
          v_pattern_5, layout_vaults_quadrants, serial_shops, nicolae_shop_trees
Vaults:2: grunt_vaults_twisty, vaults_room_grid,
          nicolae_vaults_little_squares_2, hangedman_vaults_pinch,
          hangedman_vaults_variations, vaults_mumra_minichess,
          nicolae_vaults_specimen_jars, hangedman_vaults_trim, v_misc_29,
          ontoclasm_vaults_pinch, nicolae_vaults_theta, layout_vaults_omnicross,
          serial_shops, nicolae_shop_hallway_stairs
Vaults:3: v_misc_33, nicolae_vaults_windows_and_doors_thing,
          vaults_room_corners, ontoclasm_vaults_spin,
          minmay_crypt_entry_necro_gods, v_misc_9, ontoclasm_vaults_fault,
          v_pattern_2, nicolae_vaults_quartermaster, vaults_dpeg_hooks,
          vaults_room_grid, layout_vaults_big_room
Vaults:4: nicolae_vaults_network_periphery, ontoclasm_vaults_shout,
          nicolae_vaults_network_star, vaults_room_fancy_cross,
          ontoclasm_vaults_gateway, nicolae_vaults_gold_heap,
          hangedman_vaults_stitches, nicolae_vaults_little_squares_5, v_misc_25,
          v_misc_2, hangedman_vaults_river_flow, hangedman_vaults_capsules,
          ontoclasm_vaults_ring_large, nicolae_vaults_little_squares_4,
          layout_vaults_maze, serial_shops, nicolae_lakefront_shop, uniq_jory
Vaults:5: serial_shops, uniq_saint_roka
Depths:1: layout_cross, enter_ziggurat_d, pf_hell_entry_great_geh,
          minmay_room_of_horrors, hellmonk_scarab_ruin, grunt_megastairs_5

Skill      XL: |  1  2  3  4  5  6  7  8  9 10 11 12 13 14 15 16 17 18 19 20 |
---------------+-------------------------------------------------------------+-----
Axes           | 2 3 4 5 6 7 8 9 11 13 14 15 16 18 19 | 19.1
Armour         | 3 4 6 7 8 10 12 13 14 15 16 17 | 17.9
Dodging        | 1 2 3 4 5 6 8 9 10 | 10.5
Shields        | 3 4 5 6 7 9 10 11 12 13 14 15 | 15.4
Fighting       | 4 5 6 7 8 9 10 11 12 13 14 15 16 17 | 17.0
Invocations    | 3 5 6 9 11 13 | 13.3

Action                   |  1- 3 |  4- 6 |  7- 9 | 10-12 | 13-15 | 16-18 | 19-21 || total
-------------------------+-------+-------+-------+-------+-------+-------+-------++-------
Melee: War axe           |    62 |    55 |   105 |   328 |   888 |  1153 |   694 ||  3285
       Tailslap          |     5 |     5 |    19 |    57 |   136 |   269 |   173 ||   664
       Headbutt          |     3 |    12 |    23 |    68 |   236 |   385 |   231 ||   958
       Kick              |       |       |       |    83 |   342 |    63 |       ||   488
Throw: Throwing net      |       |       |       |       |       |     1 |       ||     1
Invok: Finesse           |       |       |       |     2 |     7 |     7 |     5 ||    21
       Heroism           |       |       |       |     2 |       |       |     1 ||     3
Evoke: Wand              |       |       |       |       |       |     1 |       ||     1
  Use: Scroll            |     1 |     2 |    18 |     8 |     8 |     8 |     7 ||    52
       Potion            |       |       |       |     4 |     6 |    15 |    11 ||    36
 Stab: Invisible         |       |       |       |       |     6 |     1 |     3 ||    10
       Petrified         |       |       |       |       |     7 |       |       ||     7
       Petrifying        |       |       |       |       |     1 |       |       ||     1
Armor: Scale mail        |    10 |       |       |       |       |       |       ||    10
       Chain mail        |    28 |    19 |       |       |       |       |       ||    47
       Crystal plate arm |       |       |    86 |   259 |   709 |   864 |   333 ||  2251
Dodge: Dodged            |    27 |    10 |     9 |    55 |   208 |   381 |   147 ||   837
Block: Buckler           |    14 |    21 |    31 |   172 |   391 |   476 |   251 ||  1356
       Reflection        |       |       |       |    10 |    12 |    42 |    21 ||    85
